 Dungeon Crawl Stone Soup version 0.18-a0-1060-g4fac74f (webtiles) character file.

73 gorblad the Sneak (level 4, -5/26 HPs)
             Began as a Kobold Assassin on Jan 13, 2016.
             Slain by Natasha (6 damage)
             ... on level 2 of the Dungeon.
             The game lasted 00:02:53 (1219 turns).

gorblad the Sneak (Kobold Assassin)                 Turns: 1219, Time: 00:02:53

Health: -5/26      AC:  3    Str:  9    XL:     4   Next: 51%
Magic:  4/4        EV: 18    Int:  9    God:
Gold:   79         SH:  0    Dex: 18    Spells: 0 memorised, 3 levels left

rFire  . . .     SeeInvis .     a - +2 dagger
rCold  . . .     Gourm    .     c - +0 robe
rNeg   . . .     Faith    .     (shield restricted)
rPois  .         Spirit   .     (no helmet)
rElec  .         Dismiss  .     d - +0 cloak
rCorr  .         Reflect  .     (no gloves)
SustAt .         Harm     .     (no boots)
MR     .....                    (no amulet)
Stlth  +++.......               (no ring)
                                (no ring)

@: invisible, not resistant to hostile enchantments, fairly stealthy
A: carnivore 3
a: no special abilities


You were on level 2 of the Dungeon.
You were very full.

You visited 1 branch of the dungeon, and saw 2 of its levels.

You collected 79 gold pieces.

Inventory:

Hand Weapons
 a - a +2 dagger (weapon)
 b - a +0 blowgun
Missiles
 e - 8 poisoned needles
 f - 2 curare-tipped needles
Armour
 c - a +0 robe (worn)
 d - a +0 cloak (worn)
Jewellery
 l - an uncursed ring of sustain attributes {unknown}
Scrolls
 j - a scroll of remove curse
 k - a scroll of teleportation
 m - a scroll of enchant weapon {unknown}
 o - 2 scrolls of identify
 p - a scroll of fear {unknown}
Potions
 i - a potion of brilliance
Comestibles
 g - a meat ration


   Skills:
 - Level 2.1 Fighting
 - Level 2.6 Short Blades
 - Level 2.1 Throwing
 + Level 4.8 Dodging
 - Level 5.3 Stealth


You had 3 spell levels left.
You didn't know any spells.

Dungeon Overview and Level Annotations

Branches:
Dungeon (2/15)

Altars:

Annotations:
D:2 Natasha


Innate Abilities, Weirdness & Mutations

You are small and have problems with some larger weapons.
You are carnivorous and can eat meat at any time.


Message History

You are too injured to fight recklessly!
You are too injured to fight recklessly!
You are too injured to fight recklessly!
You are too injured to fight recklessly!
You are too injured to fight recklessly!
You are too injured to fight recklessly!
You are too injured to fight recklessly!
You are too injured to fight recklessly!
You are too injured to fight recklessly!
You are too injured to fight recklessly!
You are too injured to fight recklessly!
You are too injured to fight recklessly!
You are too injured to fight recklessly!
You are too injured to fight recklessly!
You are too injured to fight recklessly!
Drink which item? (? for menu, Esc to quit)
It was a potion of invisibility.
You fade into invisibility!
Natasha claws you.
You die...

#.#......# #.# #....#.
#.#......# #.# #....#.
#.#......# #.# #....#.
#.#.^....# #.# ##..##.
###########.#####.#..
#................#
#)#...........#..# #
#.#............... #.##
#@#...........#..#
.?..#####h#...........##.#
........gg#...........##.#
.###..gg##..............#
#...(.#...........##..
...###.....#...........###.
...........#...........# .
...........# .
.........%....#


You could see Natasha, 3 hobgoblins and a goblin.

Vanquished Creatures
  Natasha (D:2)
  Robin (D:2)
  An adder (D:2)
  2 oozes
  4 hobgoblins
  2 jackals (D:1)
  A kobold (D:1)
  2 bats
  4 goblins
  5 rats (D:1)
23 creatures vanquished.

Notes
Turn   | Place    | Note
--------------------------------------------------------------
     0 | D:1      | gorblad the Kobold Assassin began the quest for the Orb.
     0 | D:1      | Reached XP level 1. HP: 12/12 MP: 1/1
   200 | D:1      | Reached XP level 2. HP: 17/17 MP: 2/2
  1096 | D:2      | Noticed Natasha
  1101 | D:2      | Killed Natasha
  1101 | D:2      | Reached XP level 3. HP: 21/21 MP: 3/3
  1138 | D:2      | Reached XP level 4. HP: 26/26 MP: 4/4
  1179 | D:2      | Noticed Robin
  1192 | D:2      | Noticed Natasha
  1208 | D:2      | Killed Robin
  1218 | D:2      | HP: 1/26 [Natasha (10)]
  1219 | D:2      | Slain by Natasha

Vault maps used:
D:1:      saegor_arrival_simple_b
D:2:      uniq_terence, uniq_robin, uniq_natasha

Action                   |  1- 3 |  4- 6 || total
-------------------------+-------+-------++-------
Melee: Dagger            |    39 |    27 ||    66
  Use: Scroll            |     4 |       ||     4
       Potion            |       |     1 ||     1
 Stab: Sleeping          |     9 |       ||     9
  Eat: Chunk             |     7 |     1 ||     8
